 Dungeon Crawl Stone Soup version 0.31.0-11-ge490571c62 (webtiles) character file.

Game seed: 7054617479710012638

84 qw the Shooter (level 4, -7/25 HPs)
             Began as a Deep Elf Hunter on Feb 4, 2024.
             Killed from afar by Ijyb (15 damage)
             ... with a bolt of acid
             ... on level 3 of the Dungeon.
             The game lasted 00:00:05 (1583 turns).

qw the Shooter (Deep Elf Hunter)                    Turns: 1583, Time: 00:00:05

Health: -7/25      AC:  2    Str:  7 (10) XL:     4   Next: 24%
Magic:  6/6        EV: 10    Int: 12 (14) God:
Gold:   122        SH:  0    Dex: 22 (24) Spells: 3/3 levels left

rFire   + . .        a - +0 shortbow
rCold   . . .        (shield currently unavailable)
rNeg    . . .        c - +1 ring mail {rF+}
rPois   .            (no helmet)
rElec   .            (no cloak)
rCorr   .            (no gloves)
SInv    .            (no boots)
Will    .....        (no amulet)
Stlth   ++           e - +6 ring of dexterity
HPRegen 0.24/turn    (no ring)
MPRegen 0.10/turn

%: no passive effects
@: corroded
A: no striking features
a: no special abilities


You were on level 3 of the Dungeon.
You visited 1 branch of the dungeon, and saw 3 of its levels.

You collected 122 gold pieces.


   Skills:
 - Level 1.5 Fighting
 + Level 7.7 Ranged Weapons
 - Level 2.4 Dodging
 - Level 1.2 Stealth


You had 3 spell levels left.
You didn't know any spells.
Your spell library was empty.

Inventory:

Hand Weapons
 a - a +0 shortbow (weapon)
Armour
 c - a +1 ring mail of fire resistance (worn)
Jewellery
 e - a +6 ring of dexterity (left hand)
Scrolls
 b - a scroll of silence {unknown}
Potions
 d - a potion of curing
 g - a potion of experience {unknown}

Dungeon Overview and Level Annotations

Branches:
Dungeon (3/15)

Altars:

Annotations:
D:3 Ijyb


Message History

There is an open door here.
There is an open door here.
There is a stone staircase leading down here.
You climb downwards.
There is a stone staircase leading up here.
Waypoint 2 assigned to D:3.
Found a chain mail.
Found a falchion.
A jackal comes into view.
You shoot an arrow. The arrow hits the jackal!
You kill the jackal!
You hear a bark!
A jackal comes into view.
The jackal moves out of view.
A jackal comes into view.
You shoot an arrow. The arrow hits the jackal!
You kill the jackal!
You shoot an arrow. The arrow barely misses the jackal.
You shoot an arrow. The arrow hits the jackal!
You kill the jackal!
b - a scroll labelled LEAT UMIEVESHI You see here a +0 falchion.
A bat comes into view.
You shoot an arrow. The arrow hits the bat.
You kill the bat!
Ijyb the Twisted Goblin comes into view.
She is wielding a +0 dagger and carrying a wand of acid.
You shoot an arrow. The arrow hits Ijyb.
Ijyb is lightly wounded.
You shoot an arrow. The arrow closely misses Ijyb.
You shoot an arrow. The arrow barely misses Ijyb.
You shoot an arrow. The arrow hits Ijyb!
Ijyb is heavily wounded.
Ijyb zaps a wand.
The bolt of acid hits you!!
Ouch! That really hurt!
The acid corrodes you!
You shoot an arrow. The arrow closely misses Ijyb.
Ijyb screams, "Die!"
Ijyb zaps a wand.
The bolt of acid hits you!
Ouch! That really hurt!
You die...

...####.## #......#
#......# #......#
#......# # #[.....#
#..#### #......#
..#....#######.#######
.......@.............#
###....#####.........#
#...g #.........#
#...%.. #.........#
#...... #..)......#
#...... #.........#
#...... #.#.#######
#...... #.#.# #.#.#


You could see Ijyb.

Vanquished Creatures
  4 adders (D:2)
  2 dart slugs (D:2)
  4 endoplasms
  2 giant cockroaches (D:1)
  5 goblins
  3 hobgoblins
  6 jackals
  2 kobolds (D:1)
  4 ball pythons (D:1)
  5 bats
  2 frilled lizards (D:1)
  4 rats
43 creatures vanquished.

Notes
Turn   | Place    | Note
-------+----------+-------------------------------------------
     0 | D:1      | qw the Deep Elf Hunter began the quest for the Orb.
     0 | D:1      | Reached XP level 1. HP: 12/12 MP: 3/3
     0 | D:1      | 0 ||| qw: Version: 0.3-a-160-g6735b56
     0 | D:1      | 0 ||| qw: Game counter: 5611
     0 | D:1      | 0 ||| qw: Melee chars always use a shield: true
     0 | D:1      | 0 ||| qw: God list: Okawaru
     0 | D:1      | 0 ||| qw: Allow faded altars: false
     0 | D:1      | 0 ||| qw: Do Orc after clearing Dungeon:15 true
     0 | D:1      | 0 ||| qw: Do second Lair branch before Depths: true
     0 | D:1      | 0 ||| qw: Lair rune preference: random
     0 | D:1      | 0 ||| qw: Goals: Normal
     0 | D:1      | 0 ||| PLANNING D:1-11
    96 | D:1      | Reached XP level 2. HP: 16/16 MP: 4/4
   100 | D:1      | Reached skill level 6 in Ranged Weapons
   334 | D:1      | Found a faded altar of an unknown god.
   585 | D:1      | Reached XP level 3. HP: 20/20 MP: 5/5
   797 | D:1      | 797 ||| UPGRADING to +0 ring mail.
   807 | D:1      | 807 ||| DROPPING +0 leather armour.
   808 | D:1      | 808 ||| READING scroll labelled FIBECI LAUCUA.
   809 | D:1      | 809 ||| READING scroll labelled VIENIZICSE.
   809 | D:1      | 809 ||| IDENTIFYING fizzy ruby potion
   810 | D:1      | 810 ||| DROPPING scroll of butterflies.
   886 | D:2      | Reached skill level 7 in Ranged Weapons
  1185 | D:2      | Reached XP level 4. HP: 23/25 MP: 6/6
  1420 | D:2      | 1420 ||| UPGRADING to +1 ring mail of fire resistance.
  1430 | D:2      | 1430 ||| DROPPING +0 ring mail.
  1431 | D:2      | 1431 ||| UPGRADING to +6 ring of dexterity.
  1432 | D:2      | 1432 ||| DRINKING 2 green potions.
  1433 | D:2      | 1433 ||| DROPPING potion of degeneration.
  1578 | D:3      | Noticed Ijyb
  1583 | D:3      | Killed from afar by Ijyb

Levels and vault maps discovered:
D:1:      ldierk_walled_garden_2, layout_basic, nicolae_ecumenical_lake_church,
          minmay_tree_intersection, minivault_14
D:2:      minmay_door_path, layout_basic
D:3:      layout_basic, mainiacjoe_overflow_big_doors, serial_shops,
          shop_fountains, uniq_ijyb

Skill      XL: |  1  2  3 |
---------------+----------+-----
Ranged Weapons | 6 7 |  7.7
Fighting       | |  1.5
Dodging        | |  2.4
Stealth        | |  1.2

Action                     |  1- 3 |  4- 6 || total
---------------------------+-------+-------++-------
   Fire: Shortbow          |    79 |    15 ||    94
    Use: Scroll            |     2 |       ||     2
         Potion            |       |     1 ||     1
 Armour: Leather armour    |    14 |       ||    14
         Ring mail         |     5 |     2 ||     7
  Dodge: Dodged            |    19 |       ||    19

Table legend:
 A = Non-vault XP
 B = Vault XP
 C = Vault XP percentage of total XP
 D = Non-vault monster count
 E = Vault monster count
 F = Vault count percentage of total count
                 A         B        C        D         E       F
            +---------+---------+-------+---------+---------+-------
      Total |     118 |       3 |   2.5 |      41 |       2 |   4.7
            +---------+---------+-------+---------+---------+-------
        D:1 |      41 |       0 |   0.0 |      26 |       0 |   0.0
        D:2 |      69 |       3 |   4.2 |      11 |       2 |  15.4
        D:3 |       8 |       0 |   0.0 |       4 |       0 |   0.0
            +---------+---------+-------+---------+---------+-------
